[Event "Chinese Chess League 2019"]
[Site "Shen Yang"]
[Date "2019.12.06"]
[Round "21.30"]
[White "Ren, Xiaoyi"]
[Black "Ding, Yixin"]
[Result "1/2-1/2"]
[ECO "D85"]
[WhiteElo "2257"]
[BlackElo "2438"]
[Annotator "RC"]
[PlyCount "41"]
[EventDate "2019.04.09"]
[EventType "team-tourn"]
[EventCountry "CHN"]
[SourceTitle "playchess.com"]
[Source "ChessBase"]
[SourceQuality "1"]
[TimeControl "5400+30"]

1. d4 Nf6 2. c4 g6 3. Nc3 d5 4. cxd5 Nxd5 5. e4 Nxc3 6. bxc3 Bg7 7. Nf3 c5 8. Bb5+ Nc6 9. O-O O-O 10. Bxc6 bxc6 11. Ba3 cxd4 12. cxd4 Bg4 13. Bc5 Qd7 14. h3 Bxf3 15. Qxf3 Rfb8 16. e5 e6 17. Bd6 Rb6 18. Bc5 Rbb8 19. Bd6 Rb6 20. Bc5 Rbb8 21. Bd6 1/2-1/2

[Event "Chinese Chess League 2019"]
[Site "Shen Yang"]
[Date "2019.12.07"]
[Round "22.1"]
[White "Wen, Yang"]
[Black "Xu, Minghui"]
[Result "1-0"]
[ECO "C54"]
[WhiteElo "2586"]
[BlackElo "2403"]
[Annotator "ChessBase"]
[PlyCount "99"]
[EventDate "2019.04.09"]
[EventType "team-tourn"]
[EventCountry "CHN"]
[SourceTitle "playchess.com"]
[Source "ChessBase"]
[SourceQuality "1"]
[TimeControl "5400+30"]

1. e4 e5 2. Nf3 Nc6 3. Bc4 Bc5 4. c3 Nf6 5. d3 d6 6. O-O a6 7. a4 h6 8. Nbd2 O-O 9. h3 Ba7 10. Re1 Nh5 11. Nf1 Qf6 12. Ne3 Nf4 13. Ng4 Qg6 14. Bxf4 exf4 15. d4 Bxg4 16. hxg4 Qxg4 17. a5 Rab8 18. b4 Ne7 19. Qd3 c6 20. Re2 Rbe8 21. Rae1 Bb8 22. e5 d5 23. Bb3 g6 24. Bc2 Nf5 25. Nh2 Qg5 26. Qh3 Ng7 27. Nf3 Qh5 28. Qd7 Ne6 29. Qxb7 g5 30. Qxa6 g4 31. Qd3 Ng5 32. Nxg5 hxg5 33. Qf5 Re6 34. f3 g3 35. Qh3 Qxh3 36. gxh3 Re7 37. Bf5 Bc7 38. Kg2 Kg7 39. Ra2 Bb8 40. Rb1 Ba7 41. Raa1 Rb8 42. Re1 Rc7 43. Rab1 Re7 44. h4 gxh4 45. Rh1 Kh6 46. Rxh4+ Kg5 47. Rbh1 Kxf5 48. Rh6 f6 49. Rxf6+ Kg5 50. Rfh6 1-0

[Event "Chinese Chess League 2019"]
[Site "Shen Yang"]
[Date "2019.12.07"]
[Round "22.4"]
[White "Zhu, Jiner"]
[Black "Yan, Tianqi"]
[Result "1-0"]
[ECO "B42"]
[WhiteElo "2468"]
[BlackElo "2240"]
[Annotator "ChessBase"]
[PlyCount "109"]
[EventDate "2019.04.09"]
[EventType "team-tourn"]
[EventCountry "CHN"]
[SourceTitle "playchess.com"]
[Source "ChessBase"]
[SourceQuality "1"]
[TimeControl "5400+30"]

1. e4 c5 2. Nf3 e6 3. d4 cxd4 4. Nxd4 a6 5. Bd3 Nc6 6. Nxc6 dxc6 7. O-O e5 8. Nd2 Qc7 9. a4 Nf6 10. Nc4 Be6 11. Qf3 Bd6 12. Be3 O-O 13. a5 Nd7 14. Qg3 Kh8 15. Rfd1 Rad8 16. c3 Be7 17. Bf1 f6 18. f3 Nc5 19. b4 Nd7 20. Rdb1 Ra8 21. Nb6 Rab8 22. Qf2 h6 23. Rd1 Rbd8 24. Qb2 Nb8 25. Re1 Nd7 26. Bc4 Qd6 27. Qa2 Bxc4 28. Qxc4 Nxb6 29. Bxb6 Rd7 30. Qb3 Qb8 31. Rad1 Bd6 32. Re3 Rdf7 33. Red3 Be7 34. Rd7 Qe8 35. Kh1 f5 36. exf5 Rxf5 37. Qe6 Bg5 38. Qxe8 Rxe8 39. Rxb7 e4 40. fxe4 Rxe4 41. Bd4 Bf6 42. Bxf6 Rxf6 43. h3 Rc4 44. Rd3 c5 45. Rg3 cxb4 46. cxb4 g5 47. Rd3 Rc8 48. Rdd7 Kg8 49. Kh2 Re8 50. Rg7+ Kf8 51. Rh7 Kg8 52. Rbg7+ Kf8 53. Ra7 Kg8 54. Rhb7 Re4 55. Ra8+ 1-0

[Event "Chinese Chess League 2019"]
[Site "Shen Yang"]
[Date "2019.12.07"]
[Round "22.5"]
[White "Ding, Yixin"]
[Black "Ning, Kaiyu"]
[Result "1/2-1/2"]
[ECO "A11"]
[WhiteElo "2438"]
[BlackElo "2330"]
[Annotator "NA"]
[PlyCount "83"]
[EventDate "2019.04.09"]
[EventType "team-tourn"]
[EventCountry "CHN"]
[SourceTitle "playchess.com"]
[Source "ChessBase"]
[SourceQuality "1"]
[TimeControl "5400+30"]

1. Nf3 d5 2. g3 Bg4 3. Bg2 c6 4. c4 Nf6 5. cxd5 Bxf3 6. Bxf3 cxd5 7. O-O Nc6 8. d4 e6 9. Nc3 Be7 {[%emt 0:15:53] A11: English Opening: 1...c6} 10. b3 (10. e3 Rc8 11. Bd2 O-O 12. Qe2 Ne8 13. Rfd1 Nd6 14. Rac1 Qd7 15. Be1 f5 16. Bg2 Bf6 17. Na4 {1-0 (71) Karjakin,S (2760)-Sevian,S (2654) Khanty-Mansiysk 2019}) 10... O-O 11. Bb2 Rc8 12. e3 a6 13. Qe2 b5 14. Rfc1 Qb6 15. Bg2 Rc7 {[%emt 0:01:02] [#]} 16. Bf1 $146 ({Predecessor:} 16. g4 Rfc8 17. g5 {0-1 (44) Ftacnik,L (2558)-Azarov,S (2635) Czechia 2015}) 16... Nd7 17. Qd1 f5 18. a4 b4 19. Ne2 g5 20. Rc2 Rfc8 21. Nc1 Nf6 22. Nd3 Ne4 23. Rac1 g4 24. Nf4 Ng5 25. h4 gxh3 26. Nxh3 Nxh3+ 27. Bxh3 Bd6 28. g4 Ne7 29. gxf5 exf5 30. Rxc7 Rxc7 31. Qh5 Rxc1+ 32. Bxc1 Qc6 33. Bb2 Qc2 {[%emt 0:01:22] Double Attack} 34. Qe8+ $19 Kg7 35. Qd7 Bh2+ 36. Kxh2 Qxf2+ 37. Kh1 Kf7 38. Bg2 Qh4+ 39. Kg1 Qe1+ 40. Kh2 Qh4+ 41. Kg1 Qe1+ 42. Kh2 1/2-1/2

[Event "Chinese Chess League 2019"]
[Site "Shen Yang"]
[Date "2019.12.07"]
[Round "22.8"]
[White "Liu, Guanchu"]
[Black "Wang, Yiye"]
[Result "0-1"]
[ECO "C07"]
[WhiteElo "2432"]
[BlackElo "2439"]
[Annotator "ChessBase"]
[PlyCount "204"]
[EventDate "2019.04.09"]
[EventType "team-tourn"]
[EventCountry "CHN"]
[SourceTitle "playchess.com"]
[Source "ChessBase"]
[SourceQuality "1"]
[TimeControl "5400+30"]

1. e4 e6 2. d4 d5 3. Nd2 c5 4. exd5 Qxd5 5. dxc5 Bxc5 6. Ngf3 Nf6 7. Bc4 Qc6 8. Qe2 Nbd7 9. O-O O-O 10. Nb3 b6 11. Nfd4 Bxd4 12. Nxd4 Qc5 13. Nb3 Qc7 14. Bg5 Bb7 15. Rad1 Rac8 16. Bb5 Bd5 17. Nd4 h6 18. Bc1 Nc5 19. Rfe1 Qb7 20. Qf1 a6 21. Be2 b5 22. c4 bxc4 23. Bxc4 Rfd8 24. h3 Bxc4 25. Qxc4 Qd5 26. Qxd5 Rxd5 27. b4 Na4 28. Nb3 Rc2 29. a3 Nc3 30. Rd2 Rdxd2 31. Bxd2 Nfd5 32. Bxc3 Rxc3 33. Rb1 Nb6 34. g3 g5 35. Kg2 Kg7 36. b5 axb5 37. Nd4 Rxa3 38. Rxb5 Nd5 39. h4 Ra4 40. Nf3 Kf6 41. hxg5+ hxg5 42. Rb2 Nc3 43. Rc2 Ne4 44. Nd2 Nd6 45. Rc6 Nf5 46. Rc2 Rd4 47. Nf3 Rd1 48. Rd2 Ra1 49. Nd4 Ne7 50. Nb5 Nd5 51. Rd3 Kg6 52. Nd6 Ra2 53. Nc4 Kg7 54. Ne3 Nf6 55. Rd4 Rb2 56. Rc4 Rd2 57. Rc2 Rxc2 58. Nxc2 g4 59. Ne3 Kg6 60. Nc4 Nd7 61. Kf1 f5 62. Ke2 Kf6 63. Nd6 Ke5 64. Nc4+ Kd4 65. Nd6 Nb6 66. Nb5+ Ke5 67. Nc7 Na4 68. Nb5 Ke4 69. Nc7 e5 70. Nb5 Kd5 71. Ke3 Nb6 72. Ke2 Nc4 73. Nc7+ Kc6 74. Na6 Nd6 75. Nb4+ Kc5 76. Nd3+ Kd4 77. Nb4 Nc4 78. Na6 f4 79. gxf4 exf4 80. Nc7 Ke4 81. Ne6 f3+ 82. Ke1 Ke5 83. Nc5 Kd4 84. Ne6+ Kd3 85. Nc5+ Kd4 86. Ne6+ Kd5 87. Nf4+ Ke5 88. Nd3+ Kd4 89. Nf4 Ne5 90. Kd2 Ke4 91. Ne6 g3 92. fxg3 Nc4+ 93. Kd1 Ke3 94. Nf4 f2 95. Ng2+ Kf3 96. Nh4+ Kxg3 97. Nf5+ Kf3 98. Nh4+ Kg3 99. Nf5+ Kg2 100. Nh4+ Kf1 101. Nf3 Ne3+ 102. Kd2 Kg2 0-1

[Event "Chinese Chess League 2019"]
[Site "Shen Yang"]
[Date "2019.12.07"]
[Round "22.10"]
[White "Wang, Yu A."]
[Black "Atalik, Ekaterina"]
[Result "1/2-1/2"]
[ECO "B11"]
[WhiteElo "2275"]
[BlackElo "2462"]
[Annotator "ChessBase"]
[PlyCount "61"]
[EventDate "2019.04.09"]
[EventType "team-tourn"]
[EventCountry "CHN"]
[SourceTitle "playchess.com"]
[Source "ChessBase"]
[SourceQuality "1"]
[TimeControl "5400+30"]

1. e4 c6 2. Nc3 d5 3. Nf3 Bg4 4. h3 Bxf3 5. Qxf3 e6 6. d4 dxe4 7. Qxe4 Nf6 8. Qd3 Qc7 9. g3 Bd6 10. Bg2 Nbd7 11. O-O O-O 12. Ne4 Nxe4 13. Qxe4 e5 14. dxe5 Bxe5 15. c3 Rfe8 16. Qf3 Bf6 17. Bf4 Ne5 18. Bxe5 Rxe5 19. Rfe1 Rae8 20. Rxe5 Qxe5 21. Qd3 g6 22. Rd1 Bd8 23. Qe4 Qxe4 24. Bxe4 Bb6 25. Bf3 Re7 26. Kf1 Kf8 27. Re1 Rxe1+ 28. Kxe1 Ke7 29. Ke2 h5 30. Be4 Bc5 31. g4 1/2-1/2

[Event "Chinese Chess League 2019"]
[Site "Shen Yang"]
[Date "2019.12.07"]
[Round "22.11"]
[White "Ganguly, Surya Shekhar"]
[Black "Xiang, Zeyu"]
[Result "1-0"]
[ECO "C45"]
[WhiteElo "2644"]
[BlackElo "2448"]
[Annotator "ChessBase"]
[PlyCount "129"]
[EventDate "2019.04.09"]
[EventType "team-tourn"]
[EventCountry "CHN"]
[SourceTitle "playchess.com"]
[Source "ChessBase"]
[SourceQuality "1"]
[TimeControl "5400+30"]

1. e4 e5 2. Nf3 Nc6 3. d4 exd4 4. Nxd4 Nf6 5. Nxc6 bxc6 6. Nd2 d5 7. exd5 cxd5 8. Bb5+ Bd7 9. Bxd7+ Qxd7 10. O-O Be7 11. b3 O-O 12. Bb2 c5 13. Qf3 Qg4 14. Rfe1 Rfe8 15. Rad1 Qg6 16. Bxf6 Bxf6 17. Qxd5 Qxc2 18. Ne4 Bd4 19. Qf5 Kh8 20. Rc1 g6 21. Qf6+ Bxf6 22. Rxc2 Bd4 23. Kf1 a5 24. Rc4 a4 25. Nxc5 Rxe1+ 26. Kxe1 Bxc5 27. Rxc5 axb3 28. axb3 Ra2 29. g4 Rb2 30. Rc3 Kg7 31. Rf3 f5 32. gxf5 gxf5 33. Kd1 Kf6 34. Kc1 Ra2 35. b4 Ke6 36. b5 Ra5 37. Rb3 Kd7 38. Kd2 Kc7 39. b6+ Kb7 40. Ke3 Ra4 41. Rb2 Re4+ 42. Kf3 Rh4 43. Kg3 Rg4+ 44. Kh3 Rf4 45. Kg2 Rg4+ 46. Kf1 Rh4 47. f3 Rh6 48. Kg2 f4 49. Rb5 Rg6+ 50. Kh3 Rh6+ 51. Kg4 Rxh2 52. Kxf4 h5 53. Kg3 Rh1 54. Kg2 Rh4 55. Kg3 Rh1 56. Kf4 Rh4+ 57. Kg5 Rh1 58. Rb4 Rh2 59. f4 h4 60. Kg4 Rh1 61. Rb3 Rf1 62. f5 Rf2 63. Rf3 Rg2+ 64. Kxh4 Kxb6 65. f6 1-0

[Event "Chinese Chess League 2019"]
[Site "Shen Yang"]
[Date "2019.12.07"]
[Round "22.13"]
[White "Chen, Qi b"]
[Black "Zou, Chen"]
[Result "0-1"]
[ECO "B81"]
[WhiteElo "2436"]
[BlackElo "2462"]
[Annotator "ChessBase"]
[PlyCount "82"]
[EventDate "2019.04.09"]
[EventType "team-tourn"]
[EventCountry "CHN"]
[SourceTitle "playchess.com"]
[Source "ChessBase"]
[SourceQuality "1"]
[TimeControl "5400+30"]

1. e4 c5 2. Nf3 d6 3. d4 cxd4 4. Nxd4 Nf6 5. Nc3 a6 6. h3 e6 7. g4 Nfd7 8. g5 b5 9. a3 Bb7 10. Be3 Be7 11. h4 Nc6 12. Qd2 O-O 13. O-O-O Nc5 14. f3 Qc7 15. Kb1 Rab8 16. h5 b4 17. axb4 Nxb4 18. g6 Bf6 19. Bh3 Bc8 20. Nb3 Nbd3 21. Bxc5 Nxc5 22. Qxd6 Qxd6 23. Rxd6 Nxb3 24. cxb3 Rxb3 25. Rc1 Be5 26. Rd3 fxg6 27. hxg6 hxg6 28. Ka2 Rb4 29. b3 Kf7 30. Na4 Ke7 31. Rc6 Rh8 32. Bg4 Rh1 33. Nc3 Rb8 34. Rc5 Rh2+ 35. Ka3 Bd6 36. Rxd6 Kxd6 37. Rg5 Rc2 38. e5+ Ke7 39. Ne4 Bb7 40. Rxg6 Bd5 41. Rxg7+ Kf8 0-1

[Event "Chinese Chess League 2019"]
[Site "Shen Yang"]
[Date "2019.12.07"]
[Round "22.14"]
[White "Zhou, Zirun"]
[Black "Guo, Qi"]
[Result "0-1"]
[ECO "E16"]
[WhiteElo "2121"]
[BlackElo "2403"]
[Annotator "ChessBase"]
[PlyCount "112"]
[EventDate "2019.04.09"]
[EventType "team-tourn"]
[EventCountry "CHN"]
[SourceTitle "playchess.com"]
[Source "ChessBase"]
[SourceQuality "1"]
[TimeControl "5400+30"]

1. d4 Nf6 2. c4 e6 3. Nf3 b6 4. g3 Bb7 5. Bg2 Bb4+ 6. Bd2 Be7 7. O-O c6 8. Qc2 d5 9. Rd1 O-O 10. Bf4 Nbd7 11. b3 c5 12. dxc5 Bxc5 13. cxd5 Nxd5 14. Nc3 Rc8 15. Ng5 g6 16. Bxd5 exd5 17. Qd3 Be7 18. h4 Bf6 19. Rac1 Nc5 20. Qd2 d4 21. Nb5 Qd5 22. Nf3 Nxb3 23. axb3 Rxc1 24. Rxc1 Qxb5 25. Nxd4 Qd5 26. Nf3 Qxb3 27. Rc7 Bxf3 28. exf3 a5 29. Kg2 Rd8 30. Qe2 a4 31. Ra7 b5 32. Bg5 Bxg5 33. hxg5 Qd5 34. Qe7 Rf8 35. Ra6 Qd8 36. Qc5 Qd7 37. Rb6 Qf5 38. Qb4 Ra8 39. Rxb5 Qc8 40. Ra5 Qe8 41. Qc5 Rxa5 42. Qxa5 h5 43. gxh6 Kh7 44. Qd2 a3 45. Qc3 Qf8 46. g4 Kxh6 47. Qe3+ Kh7 48. Qa7 Kg8 49. Qa5 Qd6 50. g5 Qd3 51. Qb4 Kg7 52. Qa5 Qb3 53. f4 Qb2 54. f5 gxf5 55. Qxf5 a2 56. g6 Qf6 0-1

[Event "Chinese Chess League 2019"]
[Site "Shen Yang"]
[Date "2019.12.07"]
[Round "22.15"]
[White "Zhao, Shengxin"]
[Black "Shen, Yang"]
[Result "1/2-1/2"]
[ECO "D53"]
[WhiteElo "2099"]
[BlackElo "2410"]
[Annotator "ChessBase"]
[PlyCount "74"]
[EventDate "2019.04.09"]
[EventType "team-tourn"]
[EventCountry "CHN"]
[SourceTitle "playchess.com"]
[Source "ChessBase"]
[SourceQuality "1"]
[TimeControl "5400+30"]

1. c4 Nf6 2. Nc3 e6 3. d4 d5 4. Nf3 Be7 5. Bg5 Nbd7 6. e3 h6 7. Bh4 c6 8. a4 a5 9. Bd3 O-O 10. O-O dxc4 11. Bxc4 Nd5 12. Bxe7 Qxe7 13. e4 N5b6 14. Ba2 e5 15. dxe5 Nxe5 16. Nxe5 Qxe5 17. f4 Qc5+ 18. Kh1 Be6 19. Bxe6 fxe6 20. Qb3 Rae8 21. Rad1 Re7 22. Ne2 Qb4 23. Qxb4 axb4 24. b3 e5 25. f5 Rd7 26. a5 Rfd8 27. Rc1 Rd2 28. Ng1 Nd7 29. Nf3 Rd3 30. Rfd1 Nc5 31. Rxd3 Nxd3 32. Rc2 Kf8 33. h3 Ke8 34. a6 bxa6 35. Rxc6 Nf2+ 36. Kh2 Nxe4 37. Nxe5 Nd2 1/2-1/2

[Event "Chinese Chess League 2019"]
[Site "Shen Yang"]
[Date "2019.12.07"]
[Round "22.21"]
[White "Peng, Xiongjian"]
[Black "Malakhov, Vladimir"]
[Result "0-1"]
[ECO "A40"]
[WhiteElo "2486"]
[BlackElo "2665"]
[Annotator "ChessBase"]
[PlyCount "162"]
[EventDate "2019.04.09"]
[EventType "team-tourn"]
[EventCountry "CHN"]
[SourceTitle "playchess.com"]
[Source "ChessBase"]
[SourceQuality "1"]
[TimeControl "5400+30"]

1. d4 g6 2. g3 Bg7 3. Bg2 c5 4. dxc5 Na6 5. Nf3 Nxc5 6. O-O d6 7. c4 Bd7 8. Nd4 Qc8 9. Nc3 Nf6 10. Bg5 h6 11. Bxf6 Bxf6 12. Rc1 Bg7 13. b4 Na6 14. c5 dxc5 15. bxc5 Nb4 16. Nd5 Nc6 17. Nb5 O-O 18. Nxa7 Rxa7 19. Nb6 Qc7 20. Qxd7 Qxd7 21. Nxd7 Rd8 22. Rfd1 Nd4 23. Nb6 Nxe2+ 24. Kf1 Rxd1+ 25. Rxd1 Nd4 26. a4 Ra5 27. Rc1 Nb3 28. c6 bxc6 29. Rxc6 Bd4 30. Nd5 e6 31. Nc3 g5 32. Kg1 Nd2 33. Ne4 Nxe4 34. Bxe4 Rxa4 35. Bc2 Ra3 36. Rc4 e5 37. Kg2 g4 38. Be4 h5 39. Rc2 Ra6 40. h3 Rf6 41. hxg4 hxg4 42. Bb7 Kf8 43. Bc8 Rg6 44. f3 gxf3+ 45. Kxf3 Rf6+ 46. Ke4 Rf1 47. g4 Ke7 48. Rc6 Ba1 49. Bf5 Rf4+ 50. Kd3 Bd4 51. Ra6 Bg1 52. Ke2 e4 53. Rc6 Rf2+ 54. Ke1 e3 55. Rc2 Rf4 56. Rc6 Rd4 57. Rc2 Kf6 58. Kf1 Bf2 59. Ke2 Kg5 60. Kf3 Rf4+ 61. Ke2 Bg1 62. Kd3 Ra4 63. Ke2 Kf4 64. Rc7 Kg3 65. Rc2 Bf2 66. Bc8 f6 67. Rb2 Ra1 68. Rc2 Re1+ 69. Kd3 Kf3 70. Kc3 Ra1 71. Bb7+ Kxg4 72. Kd3 Kg3 73. Ke4 Ra5 74. Bc8 Re5+ 75. Kd3 f5 76. Ke2 f4 77. Bb7 Rb5 78. Rc7 Rxb7 79. Rxb7 f3+ 80. Kd3 e2 81. Rg7+ Kh2 {[%emt 0:00:15] Kd4} 0-1

[Event "Chinese Chess League 2019"]
[Site "Shen Yang"]
[Date "2019.12.07"]
[Round "22.22"]
[White "Naiditsch, Arkadij"]
[Black "Dai, Changren"]
[Result "1-0"]
[ECO "C84"]
[WhiteElo "2617"]
[BlackElo "2509"]
[Annotator "ChessBase"]
[PlyCount "106"]
[EventDate "2019.04.09"]
[EventType "team-tourn"]
[EventCountry "CHN"]
[SourceTitle "playchess.com"]
[Source "ChessBase"]
[SourceQuality "1"]
[TimeControl "5400+30"]

1. e4 e5 2. Nf3 Nc6 3. Bb5 a6 4. Ba4 Nf6 5. O-O Be7 6. d3 b5 7. Bb3 O-O 8. Nc3 d6 9. a4 b4 10. Nd5 Na5 11. Nxb4 Rb8 12. Na2 Bg4 13. Nc3 Nxb3 14. cxb3 d5 15. Bg5 dxe4 16. dxe4 Qxd1 17. Nxd1 Bxf3 18. gxf3 Rxb3 19. Ne3 h6 20. Bh4 Nd5 21. Bxe7 Nxe7 22. Rfc1 Rc8 23. Ra3 Rxa3 24. bxa3 c5 25. Kf1 f6 26. Ke1 Kf7 27. Rb1 c4 28. Rb7 Ke6 29. Kd2 c3+ 30. Kc2 Rc5 31. Nd1 Nc6 32. Nxc3 Nd4+ 33. Kb2 g5 34. Ra7 Rc6 35. a5 Nxf3 36. Nd5 Nd2 37. Nb4 Rd6 38. f3 Nc4+ 39. Kc3 Nxa3 40. Rxa6 Rxa6 41. Nxa6 Kd7 42. Kb4 Nc2+ 43. Kc5 Kc8 44. Nb4 Ne3 45. Nd5 Nf1 46. a6 Nd2 47. Nxf6 Kc7 48. Kb5 h5 49. h3 h4 50. Kc5 Nxf3 51. Nd5+ Kc8 52. Kb6 Kb8 53. a7+ Ka8 1-0

[Event "Chinese Chess League 2019"]
[Site "Shen Yang"]
[Date "2019.12.07"]
[Round "22.24"]
[White "Munguntuul, Batkhuyag"]
[Black "Huang, Qian"]
[Result "1/2-1/2"]
[ECO "B92"]
[WhiteElo "2436"]
[BlackElo "2427"]
[Annotator "ChessBase"]
[PlyCount "28"]
[EventDate "2019.04.09"]
[EventType "team-tourn"]
[EventCountry "CHN"]
[SourceTitle "playchess.com"]
[Source "ChessBase"]
[SourceQuality "1"]
[TimeControl "5400+30"]

1. e4 c5 2. Nf3 d6 3. d4 cxd4 4. Nxd4 Nf6 5. Nc3 a6 6. Be2 e5 7. Nf3 h6 8. Nd2 Be6 9. Nc4 Qc7 10. Ne3 Nbd7 11. Ned5 Qc6 12. Nb4 Qc7 13. Nbd5 Qc6 14. Nb4 Qc7 1/2-1/2

[Event "Chinese Chess League 2019"]
[Site "Shen Yang"]
[Date "2019.12.07"]
[Round "22.25"]
[White "Xiao, Yiyi"]
[Black "Javakhishvili, Lela"]
[Result "0-1"]
[ECO "A57"]
[WhiteElo "2316"]
[BlackElo "2457"]
[Annotator "ChessBase"]
[PlyCount "62"]
[EventDate "2019.04.09"]
[EventType "team-tourn"]
[EventCountry "CHN"]
[SourceTitle "playchess.com"]
[Source "ChessBase"]
[SourceQuality "1"]
[TimeControl "5400+30"]

1. d4 Nf6 2. c4 c5 3. d5 b5 4. cxb5 a6 5. b6 d6 6. Nc3 Nbd7 7. e4 g6 8. Nf3 Rb8 9. Nd2 Nxb6 10. Be2 Bg7 11. a4 O-O 12. O-O a5 13. Qc2 e6 14. dxe6 Bxe6 15. Nb5 Qe7 16. Nf3 Bd7 17. Nxd6 Qxd6 18. e5 Qc7 19. exf6 Bxf6 20. Be3 Nxa4 21. Rfb1 Rxb2 22. Rxb2 Nxb2 23. Qxc5 Qxc5 24. Bxc5 Re8 25. Kf1 Rxe2 26. Rxa5 Re8 27. h3 Nc4 28. Ra7 Bc6 29. Bb4 Bxf3 30. gxf3 Ne5 31. Ra6 Be7 0-1

[Event "Chinese Chess League 2019"]
[Site "Shen Yang"]
[Date "2019.12.07"]
[Round "22.27"]
[White "Zhou, Weiqi"]
[Black "Bai, Jinshi"]
[Result "1/2-1/2"]
[ECO "D94"]
[WhiteElo "2587"]
[BlackElo "2600"]
[Annotator "ChessBase"]
[PlyCount "60"]
[EventDate "2019.04.09"]
[EventType "team-tourn"]
[EventCountry "CHN"]
[SourceTitle "playchess.com"]
[Source "ChessBase"]
[SourceQuality "1"]
[TimeControl "5400+30"]

1. d4 Nf6 2. Nf3 d5 3. c4 c6 4. e3 g6 5. Nc3 Bg7 6. Bd3 O-O 7. O-O Bg4 8. h3 Bxf3 9. Qxf3 e6 10. Rd1 Nbd7 11. Qe2 Re8 12. Bd2 a6 13. Be1 Rc8 14. Rac1 Qe7 15. b3 h5 16. e4 dxe4 17. Nxe4 Nxe4 18. Bxe4 Nf6 19. Bf3 e5 20. dxe5 Qxe5 21. Qxe5 Rxe5 22. Bc3 Re6 23. Re1 Rce8 24. Kf1 Ne4 25. Rxe4 Rxe4 26. Bxe4 Rxe4 27. Re1 Rxe1+ 28. Bxe1 f5 29. Ke2 Kf7 30. f3 Ke6 1/2-1/2

[Event "Chinese Chess League 2019"]
[Site "Shen Yang"]
[Date "2019.12.07"]
[Round "22.29"]
[White "Girya, Olga"]
[Black "Tan, Zhongyi"]
[Result "1-0"]
[ECO "E16"]
[WhiteElo "2476"]
[BlackElo "2504"]
[Annotator "ChessBase"]
[PlyCount "113"]
[EventDate "2019.04.09"]
[EventType "team-tourn"]
[EventCountry "CHN"]
[SourceTitle "playchess.com"]
[Source "ChessBase"]
[SourceQuality "1"]
[TimeControl "5400+30"]

1. d4 Nf6 2. c4 e6 3. Nf3 b6 4. g3 Bb7 5. Bg2 g6 6. O-O Bg7 7. Qc2 O-O 8. Nc3 d5 9. cxd5 exd5 10. Bg5 Na6 11. Ne5 h6 12. Bxf6 Bxf6 13. Rad1 Re8 14. f4 c5 15. dxc5 Bxe5 16. fxe5 Rxe5 17. Ne4 bxc5 18. Nf6+ Kg7 19. Nxd5 Bxd5 20. Qc3 f6 21. Bxd5 Rxd5 22. Rxd5 Qxd5 23. Qxf6+ Kh7 24. Qxa6 Rb8 25. b3 Rb7 26. Rf4 Qd1+ 27. Rf1 Qd4+ 28. Kg2 Qe4+ 29. Rf3 Re7 30. Kg1 Qd4+ 31. e3 Rxe3 32. Rf7+ Kh8 33. Qf6+ Qxf6 34. Rxf6 c4 35. bxc4 Ra3 36. Rxg6 Kh7 37. Rf6 Rxa2 38. Rf2 Ra6 39. Kf1 Rc6 40. Rf4 Ra6 41. Ke2 Ra2+ 42. Kd3 Rxh2 43. c5 Rg2 44. Rf3 Rb2 45. Kc4 Kg6 46. c6 Rb8 47. Kc5 Rc8 48. Kd6 Rd8+ 49. Ke7 Rd2 50. c7 Rc2 51. Kd7 Rd2+ 52. Kc6 Rc2+ 53. Kb7 Rb2+ 54. Kxa7 Rc2 55. Kb7 Rb2+ 56. Kc8 Kg5 57. Rd3 1-0

[Event "Chinese Chess League 2019"]
[Site "Shen Yang"]
[Date "2019.12.07"]
[Round "22.30"]
[White "Li, Ruofan"]
[Black "Lei, Tingjie"]
[Result "0-1"]
[ECO "A16"]
[WhiteElo "2335"]
[BlackElo "2485"]
[Annotator "ChessBase"]
[PlyCount "114"]
[EventDate "2019.04.09"]
[EventType "team-tourn"]
[EventCountry "CHN"]
[SourceTitle "playchess.com"]
[Source "ChessBase"]
[SourceQuality "1"]
[TimeControl "5400+30"]

1. c4 Nf6 2. Nc3 g6 3. e4 e5 4. Nf3 Bg7 5. Nxe5 Qe7 6. d4 d6 7. Nf3 Nxe4 8. Nd5 Qd8 9. Bd3 f5 10. O-O O-O 11. Re1 c6 12. Bxe4 fxe4 13. Bg5 Qa5 14. Ne7+ Kh8 15. Rxe4 Na6 16. Nxc8 Raxc8 17. Qd2 Qxd2 18. Bxd2 Nc7 19. Re7 Bf6 20. Rd7 Rfd8 21. Rxd8+ Rxd8 22. Bg5 Kg7 23. h4 d5 24. b3 h6 25. Bxf6+ Kxf6 26. g3 Ne6 27. c5 g5 28. Rd1 b6 29. cxb6 axb6 30. Kg2 c5 31. hxg5+ hxg5 32. dxc5 bxc5 33. Ne1 Ke5 34. Nd3+ Kd6 35. Kh3 Ra8 36. Rd2 Nd4 37. Kg4 c4 38. Nc1 Nc6 39. Kxg5 c3 40. Rc2 d4 41. Nd3 Ne5 42. Ne1 Kd5 43. f4 Nc6 44. Nd3 Rg8+ 45. Kh4 Ke4 46. Nc5+ Kf5 47. Kh3 Nb4 48. Rc1 Rc8 49. Nb7 Rh8+ 50. Kg2 Nxa2 51. Re1 c2 52. Nd6+ Kf6 53. Ne4+ Kg7 54. Nc5 c1=Q 55. Ne6+ Kf6 56. Rxc1 Nxc1 57. Nxd4 Rd8 0-1